AoeStats
← Kanyaga

Arabia

508219285Analyzed
1v1 RM · 11d ago on Sep 21, 2026· 35m 53s· 2 players
Game mode
Random Map
Map size
Tiny (2 player)
Population
200
Speed
Normal
Resources
Standard
Victory
Conquest
Starting age
Dark Age
Ending age
Imperial Age
RankedLock teamsTeams togetherTeam positionsShared explorationLock speedFull tech treeHidden civsTurbo modeCheats
Victory
Defeat
🇹🇷 Huns · Türkiye
1471
+15
🇮🇹 Bulgarians · Italy
1460
-15
JeanLuc Petard
10:05 Loom
13:55 Feudal Age
18:36 Castle Age
23:13 Scale Mail Armor
23:23 Fletching
24:05 Chain Mail Armor
27:16 Squires
28:13 Bodkin Arrow
Kanyaga
2:07 Loom
13:20 Feudal Age
13:49 Double-Bit Axe
19:49 Castle Age
18:24 Horse Collar
19:00 Fletching
31:14 Ballistics
30:58 Bodkin Arrow
34:50 Bloodlines
Connection lost

Rejoining the realm…

Still unreachable

The connection could not be restored.

Session expired

The server has moved on; the page needs a fresh start.